 Dungeon Crawl Stone Soup version 0.30.0-10-gfe55d96785 (webtiles) character file.

Game seed: 14197967842936650084

210 qw the Chopper (level 5, -2/32 HPs)
             Began as a Gargoyle Cinder Acolyte on May 17, 2023.
             Was an Elder of Ignis.
             Slain by Ijyb
             ... wielding a +0 dagger
              (4 damage)
             ... on level 3 of the Dungeon.
             The game lasted 00:01:40 (2543 turns).

qw the Chopper (Gargoyle Cinder Acolyte)            Turns: 2543, Time: 00:01:40

Health: -2/32      AC: 21    Str: 20    XL:     5   Next: 87%
Magic:  6/6        EV:  7    Int: 14    God:    Ignis [****..]
Gold:   101        SH:  5    Dex:  5    Spells: 6/6 levels left

rFire   + + .        d - +3 hand axe (vamp)
rCold   . . .        i - +2 buckler
rNeg    + + .        k - +0 chain mail
rPois   inf          b - +0 helmet
rElec   +            (no cloak)
rCorr   .            h - +0 pair of gloves
SInv    .            (no boots)
Will    .....        (no amulet) Stlth
                     j - ring of positive energy
HPRegen 0.25/turn    (no ring)
MPRegen 0.10/turn

%: no passive effects
@: fiery-armoured
A: sickness immunity, AC +4, negative energy resistance 1, electricity
resistance, torment resistance 1, petrification resistance, hooves 1, fire
resistance 1, noise suppression
a: Renounce Religion, Fiery Armour, Foxfire Swarm, Rising Flame


You were on level 3 of the Dungeon.
You worshipped Ignis.
Ignis was greatly pleased with you.
You visited 1 branch of the dungeon, and saw 4 of its levels.

You collected 101 gold pieces.


Innate Abilities, Weirdness & Mutations

You are immune to sickness and miasma.
Your stone body is resilient. (AC +4)
You are immune to poison.
You resist negative energy. (rN+)
You are resistant to electric shocks. (rElec)
You are resistant to unholy torment.
You are immune to petrification.
You have large cloven feet.
Your flesh is heat resistant. (rF+)
You passively dampen the noise of your surroundings.


   Skills:
 - Level 3.2 Fighting
 + Level 4.9 Axes
 - Level 2.1 Armour
 - Level 2.3 Shields
 - Level 1.0 Spellcasting
 - Level 3.0 Fire Magic


You had 6 spell levels left.
You didn't know any spells.
Your spell library contained the following spells:

 Spells                   Type           Power      Damage    Failure   Level
 Scorch                   Fire           18%        2d6       75%         2

Inventory:

Hand Weapons
 d - a +3 vampiric hand axe (weapon)
 m - a +0 hand axe of flaming
Armour
 b - a +0 helmet (worn)
 h - a +0 pair of gloves (worn)
 i - a +2 buckler (worn)
 k - a +0 chain mail (worn)
Jewellery
 j - a ring of positive energy (left hand)
Scrolls
 a - a scroll of identify
Potions
 c - a potion of haste
 g - a potion of cancellation
 l - 2 potions of curing

Dungeon Overview and Level Annotations

Branches:
Dungeon (4/15)
 Temple: D:4-7

Altars:

Annotations:
D:3 Edmund, Ijyb


Message History

You hit Ijyb but do no damage. Ijyb hits you but does no damage.
Edmund hits you with a +0 flail of protection.
Edmund is burned by your cloak of flames.
Edmund is heavily wounded.
You hit Edmund but do no damage.
Edmund is heavily wounded.
You hit Ijyb but do no damage.
Ijyb zaps a wand.
Your mind is blasted!
Edmund hits you but does no damage.
You barely miss Edmund.
Edmund is heavily wounded.
You hit Ijyb.
You feel better. Ijyb hits you with a +0 dagger.
Ijyb is burned by your cloak of flames.
Ijyb is moderately wounded.
Edmund hits you but does no damage.
Edmund is burned by your cloak of flames.
Edmund is heavily wounded.
You barely miss Edmund.
Edmund is heavily wounded.
You hit Ijyb but do no damage. Ijyb hits you with a +0 dagger.
Ijyb is burned by your cloak of flames.
Ijyb is moderately wounded.
Edmund hits you but does no damage.
Edmund is burned by your cloak of flames.
Edmund is heavily wounded.
You closely miss Edmund. Your kick misses Edmund.
Edmund is heavily wounded.
You hit Ijyb but do no damage. You block Ijyb's attack.
Edmund barely misses you.
You hit Edmund but do no damage. You kick Edmund.
Edmund is heavily wounded.
You barely miss Ijyb. Ijyb hits you but does no damage.
Ijyb is burned by your cloak of flames.
Ijyb is heavily wounded.
Edmund hits you but does no damage.
You hit Edmund but do no damage.
Edmund is heavily wounded.
You hit Ijyb but do no damage. Ijyb hits you with a +0 dagger.
You die...

...#....####...........~#..#
####.#......#..........~#..#
.....#......#...#.##%..##..# #
............##..#.##...#..##~#
............##....##..##..#~~#
............##.#...#..#..##~~##
............##.#...#..#..#~~~~#
....##......##...g.####..#~~~~#
.!..##..........@.## #.)#~~~~#
....##......#####@# #..##~~##
#...###.##.###....# ##..#~~#
##### #.##.###.##.######..# ##
#######.##.....##.....##).##
#.......#############...)..######
#.#.........# ###..#......#
#.#.#######.# ##.######..
#.#......<#.# #......##.


You could see Edmund and Ijyb.

Vanquished Creatures
  A kobold brigand (D:3)
  Jessica (D:3)
  Robin (D:2)
  2 adders (D:3)
  4 orcs (D:3)
  3 bats (D:1)
  5 endoplasms
  6 giant cockroaches
  9 goblins
  10 hobgoblins
  7 jackals
  14 kobolds
  2 ball pythons
  5 frilled lizards
  7 rats
77 creatures vanquished.

Notes
Turn   | Place    | Note
-------+----------+-------------------------------------------
     0 | D:1      | qw the Gargoyle Cinder Acolyte began the quest for the Orb.
     0 | D:1      | Reached XP level 1. HP: 14/14 MP: 2/2
     0 | D:1      | 0 ||| qw: Version: 0.2-a-95-g206ef33
     0 | D:1      | 0 ||| qw: Game counter: 186
     0 | D:1      | 0 ||| qw: Always use a shield: true
     0 | D:1      | 0 ||| qw: God list: Okawaru
     0 | D:1      | 0 ||| qw: Allow faded altars: false
     0 | D:1      | 0 ||| qw: Do Orc after D:15 true
     0 | D:1      | 0 ||| qw: Do second Lair branch before Depths: true
     0 | D:1      | 0 ||| qw: Lair rune preference: random
     0 | D:1      | 0 ||| qw: Plans: Normal
     0 | D:1      | 0 ||| PLANNING D:1-11
   150 | D:1      | Reached skill level 3 in Axes
   172 | D:1      | Reached XP level 2. HP: 19/19 MP: 3/3
   311 | D:1      | 311 ||| Stepping ~*~*~tactically~*~*~ (stealth).
   547 | D:1      | Reached XP level 3. HP: 23/23 MP: 4/4
   584 | D:1      | 584 ||| Stepping ~*~*~tactically~*~*~ (stealth).
   647 | D:1      | 647 ||| Stepping ~*~*~tactically~*~*~ (stealth).
   648 | D:1      | 648 ||| Stepping ~*~*~tactically~*~*~ (stealth).
   953 | D:1      | 953 ||| UPGRADING to +0 buckler.
   958 | D:1      | 958 ||| UPGRADING to +0 pair of gloves.
   963 | D:1      | 963 ||| UPGRADING to +2 buckler.
   973 | D:1      | 973 ||| DROPPING +0 buckler.
   974 | D:1      | 974 ||| UPGRADING to +0 chain mail.
   984 | D:1      | 984 ||| DROPPING +0 robe.
   985 | D:1      | 985 ||| DROPPING amulet of magic regeneration.
   986 | D:1      | 986 ||| UPGRADING to ring of positive energy.
   987 | D:1      | 987 ||| READING 3 scrolls labelled BUQEL GIYGG.
   988 | D:1      | 988 ||| READING scroll labelled VOMAAT SOFE.
   989 | D:1      | 989 ||| READING scroll labelled TOCULIWIPH.
   990 | D:1      | 990 ||| READING 2 scrolls of identify.
   990 | D:1      | 990 ||| IDENTIFYING smoky puce potion
   991 | D:1      | 991 ||| DROPPING potion of degeneration.
  1100 | D:2      | 1100 ||| Stepping ~*~*~tactically~*~*~ (stealth).
  1164 | D:2      | Reached skill level 1 in Shields
  1164 | D:2      | 1164 ||| Stepping ~*~*~tactically~*~*~ (stealth).
  1164 | D:2      | Noticed Robin
  1165 | D:2      | 1165 ||| Stepping ~*~*~tactically~*~*~ (hiding).
  1177 | D:2      | Killed Robin
  1178 | D:2      | Reached skill level 1 in Armour
  1178 | D:2      | Reached XP level 4. HP: 18/28 MP: 5/5
  1189 | D:2      | 1189 ||| Stepping ~*~*~tactically~*~*~ (stealth).
  1245 | D:2      | Reached skill level 4 in Axes
  1412 | D:2      | 1412 ||| SWAPPING to +2 vampiric hand axe.
  1723 | D:2      | 1723 ||| UPGRADING to +0 helmet.
  1728 | D:2      | 1728 ||| DRINKING 2 dark potions.
  1729 | D:2      | 1729 ||| DRINKING 2 sapphire potions.
  1730 | D:2      | 1730 ||| DRINKING 3 metallic dark potions.
  1784 | D:3      | 1784 ||| Stepping ~*~*~tactically~*~*~ (stealth).
  1833 | D:3      | 1833 ||| READING scroll of enchant weapon.
  1833 | D:3      | 1833 ||| ENCHANTING +2 vampiric hand axe.
  1959 | D:3      | 1959 ||| Stepping ~*~*~tactically~*~*~ (stealth).
  1986 | D:3      | Noticed Jessica
  2000 | D:3      | Killed Jessica
  2001 | D:3      | Reached XP level 5. HP: 28/32 MP: 6/6
  2212 | D:3      | 2212 ||| Stepping ~*~*~tactically~*~*~ (stealth).
  2214 | D:3      | 2214 ||| Stepping ~*~*~tactically~*~*~ (stealth).
  2218 | D:3      | 2218 ||| INVOKING Fiery Armour.
  2229 | D:3      | 2229 ||| Stepping ~*~*~tactically~*~*~ (stealth).
  2241 | D:3      | Noticed a kobold brigand
  2250 | D:3      | Killed a kobold brigand
  2398 | D:3      | 2398 ||| READING scroll labelled JAUTIKHLAXIO.
  2402 | D:3      | 2402 ||| DRINKING 2 lumpy pink potions.
  2402 | D:3      | Gained mutation: You have large cloven feet. [potion of
                  | mutation]
  2402 | D:3      | Gained mutation: You passively dampen the noise of your
                  | surroundings. [potion of mutation]
  2402 | D:3      | Gained mutation: Armour fits poorly on your strangely
                  | shaped body. [potion of mutation]
  2402 | D:3      | Gained mutation: Your flesh is cold resistant. (rC+)
                  | [potion of mutation]
  2403 | D:3      | 2403 ||| DRINKING potion of mutation.
  2403 | D:3      | Lost mutation: Your flesh is cold resistant. (rC+) [potion
                  | of mutation]
  2403 | D:3      | Lost mutation: Armour fits poorly on your strangely shaped
                  | body. [potion of mutation]
  2403 | D:3      | Gained mutation: Your flesh is heat resistant. (rF+)
                  | [potion of mutation]
  2404 | D:3      | 2404 ||| READING 4 scrolls of identify.
  2404 | D:3      | 2404 ||| IDENTIFYING murky purple potion
  2405 | D:3      | 2405 ||| READING 3 scrolls of identify.
  2405 | D:3      | 2405 ||| IDENTIFYING emerald potion
  2406 | D:3      | 2406 ||| READING 2 scrolls of identify.
  2406 | D:3      | 2406 ||| IDENTIFYING murky amethyst potion
  2407 | D:3      | 2407 ||| DROPPING potion of berserk rage.
  2408 | D:3      | 2408 ||| DROPPING potion of magic.
  2409 | D:3      | 2409 ||| DROPPING potion of brilliance.
  2426 | D:4      | Noticed Edmund
  2426 | D:4      | Noticed Ijyb
  2427 | D:4      | 2427 ||| INVOKING Fiery Armour.
  2429 | D:4      | 2429 ||| STAIRDANCE
  2429 | D:4      | HP: 8/32 [disintegration (5)]
  2528 | D:4      | 2528 ||| INVOKING Fiery Armour.
  2531 | D:4      | 2531 ||| STAIRDANCE
  2534 | D:3      | HP: 8/32 [disintegration (7)]
  2538 | D:3      | HP: 3/32 [disintegration (2)]
  2540 | D:3      | HP: 1/32 [Ijyb/+0 dagger (2)]
  2543 | D:3      | Slain by Ijyb

Levels and vault maps discovered:
D:1:      dpeg_arrival_stone_temple_mockup, layout_basic,
          minmay_tree_intersection
D:2:      layout_loops_cross, uniq_robin
D:3:      cheibrodos_thug_alley, layout_basic, uniq_jessica
D:4:      layout_basic, old_standard_altar, kennysheep_pointless_box,
          uniq_edmund, uniq_duvessa, uniq_ijyb

Skill      XL: |  1  2  3  4 |
---------------+-------------+-----
Axes           | 3 4 |  4.9
Shields        | 1 2 |  2.3
Armour         | 1 2 |  2.1
Fighting       | |  3.2
Spellcasting   | |  1.0
Fire Magic     | |  3.0

Action                     |  1- 3 |  4- 6 || total
---------------------------+-------+-------++-------
  Melee: Hand axe          |   130 |    98 ||   228
         Kick              |       |     4 ||     4
 Invoke: Fiery Armour      |       |     3 ||     3
    Use: Scroll            |     4 |     5 ||     9
         Potion            |       |     5 ||     5
 Armour: Robe              |    43 |       ||    43
         Chain mail        |    24 |    52 ||    76
  Dodge: Dodged            |    56 |    25 ||    81
  Block: Buckler           |     6 |    24 ||    30

Table legend:
 A = Non-vault XP
 B = Vault XP
 C = Vault XP percentage of total XP
 D = Non-vault monster count
 E = Vault monster count
 F = Vault count percentage of total count
                 A         B        C        D         E       F
            +---------+---------+-------+---------+---------+-------
      Total |     118 |     182 |  60.7 |      55 |      22 |  28.6
            +---------+---------+-------+---------+---------+-------
        D:1 |      48 |       0 |   0.0 |      31 |       0 |   0.0
        D:2 |      23 |      36 |  61.0 |      13 |      11 |  45.8
        D:3 |      47 |     146 |  75.6 |      11 |      11 |  50.0
            +---------+---------+-------+---------+---------+-------
